 Dungeon Crawl Stone Soup version 0.19-a0-1035-gdbfb0c6 (webtiles) character file.

117 HAL9000 the Sneak (level 5, -2/26 HPs)
             Began as a Vine Stalker Enchanter on July 29, 2016.
             Slain by a worker ant (5 damage)
             ... on level 3 of the Dungeon.
             The game lasted 00:02:59 (1513 turns).

HAL9000 the Sneak (Vine Stalker Enchanter)          Turns: 1513, Time: 00:02:59

Health: -2/26      AC:  3    Str: 11    XL:     5   Next: 1%
Magic:  0/9        EV: 12    Int: 15    God:
Gold:   43         SH:  0    Dex: 15    Spells: 3 memorised, 2 levels left

rFire  x x .     SeeInvis .     a - +1 dagger
rCold  + + .     Gourm    .     b - +1 robe
rNeg   . . .     Faith    .     (no shield)
rPois  .         Spirit   +     (no helmet)
rElec  .         Dismiss  .     (no cloak)
rCorr  .         Reflect  .     (no gloves)
SustAt .         Harm     .     (no boots)
MR     .....                    (no amulet)
Stlth  ++........               w - ring of ice (curse)
                                u - ring of ice

@: lethally poisoned (-2 -> -3), not resistant to hostile enchantments,
unstealthy
A: fangs 2, regeneration 1, magic shield, antimagic bite, no device heal 3, rot
immunity
a: no special abilities


You were on level 3 of the Dungeon.
You were very hungry.

You visited 1 branch of the dungeon, and saw 3 of its levels.

You collected 43 gold pieces.

Inventory:

Hand Weapons
 a - a +1 dagger (weapon)
Armour
 b - a +1 robe (worn)
Jewellery
 u - a ring of ice (left hand)
 w - a cursed ring of ice (right hand)
 x - a cursed ring of loudness {unknown}
Scrolls
 e - 2 scrolls of recharging {unknown}
 g - a scroll of enchant armour {unknown}
 h - a scroll of noise {unknown}
 k - a scroll of blinking {unknown}
 l - a scroll of magic mapping {unknown}
 m - a scroll of teleportation {unknown}
 r - 4 scrolls of remove curse {unknown}
 s - 5 scrolls of identify {unknown}
 t - a scroll of immolation {unknown}
 v - a scroll of enchant weapon {unknown}
Potions
 f - a potion of curing {unknown}
 i - 2 potions of ambrosia {unknown}
 p - 3 potions of degeneration {unknown}
 z - a potion of agility {unknown}
Books
 c - a book of Maledictions

   Spells                             Type                      Level
   a - Corona                         Hexes                        1
   b - Ensorcelled Hibernation        Hexes/Ice                    2
   c - Confuse                        Hexes                        3
   d - Tukima's Dance                 Hexes                        3
   e - Dazzling Spray                 Conjuration/Hexes            3
Comestibles
 d - 2 bread rations
 j - a meat ration
 n - a slice of pizza
 o - 3 fruits
 q - a beef jerky


   Skills:
 + Level 2.1 Fighting
 * Level 3.3 Short Blades
 - Level 1.5 Dodging
 - Level 3.6 Stealth
 - Level 2.1 Spellcasting
 - Level 3.0 Hexes


You had 2 spell levels left.
You knew the following spells:

 Your Spells              Type           Power        Failure   Level  Hunger
a - Corona                Hex            ##.....      8%          1    #......
x - Confuse               Hex            ##......     21%         3    ###....
z - Ensorcelled Hibernat  Hex/Ice        ##....       17%         2    ###....


Dungeon Overview and Level Annotations

Branches:
Dungeon (3/15)

Altars:
Hepliaklqana
Xom


Innate Abilities, Weirdness & Mutations

You have extremely sharp teeth.
Your natural rate of healing is unusually fast.
When hurt, damage is shared between your health and your magic reserves.
Your bite disrupts and absorbs the magic of your enemies.
Potions and wands cannot restore your health.
You are immune to rotting.


Message History

Unknown command.
Unknown command.
You hit the worker ant.
The worker ant is lightly wounded.
The worker ant bites you!
You hit the worker ant but do no damage.
The worker ant is lightly wounded.
The worker ant bites you!
You are poisoned.
The worker ant poisons you!
The worker ant waves its antennae.
The worker ant closely misses you.
You feel sick.
You feel sick.
You barely miss the worker ant. The worker ant bites you.
* * * LOW HITPOINT WARNING * * *
You hit the worker ant.
The worker ant is lightly wounded.
You feel sick. The worker ant bites you.
You die...

##8##...##8###8####
.................#.
......8............
...................
#8##...##8###8#...
#..########...####
###...
#....)o.#8...8#
......
##...##a##...##
#...##. ###
#@##...# #### ##
#.##...## #.#8...8#
#.##...## #......#
########


You could see a worker ant and an orc.

Vanquished Creatures
  An orc wizard (D:3)
  3 adders (D:2)
  An ooze (D:3)
  2 dart slugs (D:1)
  3 worms (D:2)
  2 orcs (D:3)
  11 bats
  A giant cockroach (D:1)
  2 goblins (D:1)
  7 hobgoblins
  3 jackals (D:1)
  7 kobolds
  2 giant newts
45 creatures vanquished.

Notes
Turn   | Place    | Note
-------+----------+-------------------------------------------
     0 | D:1      | HAL9000 the Vine Stalker Enchanter began the quest for the Orb.
     0 | D:1      | Reached XP level 1. HP: 9/9 MP: 4/4
    33 | D:1      | Reached skill level 1 in Short Blades
   141 | D:1      | Reached XP level 2. HP: 14/14 MP: 6/6
   164 | D:1      | Reached skill level 1 in Fighting
   373 | D:1      | Reached XP level 3. HP: 18/18 MP: 5/7
   398 | D:1      | Learned a level 2 spell: Ensorcelled Hibernation
   402 | D:1      | Learned a level 3 spell: Confuse
   844 | D:2      | Reached XP level 4. HP: 18/23 MP: 5/8
  1212 | D:2      | Found a shimmering altar of Xom.
  1213 | D:2      | Found a hazy altar of Hepliaklqana.
  1213 | D:2      | Noticed a thorn hunter
  1214 | D:2      | Noticed a spectral ugly thing
  1214 | D:2      | Noticed a thorn hunter
  1505 | D:3      | Reached XP level 5. HP: 22/26 MP: 2/9
  1513 | D:3      | Slain by a worker ant

Vault maps used:
D:1:      ncdulo_smallfort, st_stairs_8
D:2:      regret_index_temple_of_mockery
D:3:      first_bread, serial_corexii_hall, corexii_hall_statues_x,
          corexii_hall_statues_x, corexii_hall_statues_deadend

Skill      XL: |  1  2  3  4 |
---------------+-------------+-----
Short Blades   | 1 2 3 |  3.3
Fighting       | 1 2 |  2.1
Dodging        | |  1.5
Stealth        | |  3.6
Spellcasting   | |  2.1
Hexes          | |  3.0

Action                   |  1- 3 |  4- 6 || total
-------------------------+-------+-------++-------
Melee: Dagger            |    95 |    29 ||   124
       Bite              |    15 |     8 ||    23
 Cast: Ensorcelled Hiber |       |     4 ||     4
 Stab: Sleeping          |     8 |     8 ||    16
  Eat: Chunk             |       |     1 ||     1
Armor: Robe              |    19 |     1 ||    20
Dodge: Dodged            |    50 |     8 ||    58
